 Dungeon Crawl Stone Soup version 0.26-a0-591-g04f19ec95a (webtiles) character file.

Game seed: 16641427456920796838

4847 Gargoyl the Fighter (level 10, -9/84 HPs)
             Began as a Gnoll Abyssal Knight on Aug 24, 2020.
             Was an Elder of Lugonu.
             Mangled by a yak (11 damage)
             ... on level 9 of the Dungeon.
             The game lasted 00:11:02 (9820 turns).

Gargoyl the Fighter (Gnoll Abyssal Knight)          Turns: 9820, Time: 00:11:02

Health: -9/84      AC: 16    Str: 18    XL:     10   Next: 49%
Magic:  18/18      EV: 10    Int: 16    God:    Lugonu [****..]
Gold:   318        SH:  0    Dex: 15    Spells: 19/19 levels left

rFire    . . .     SeeInvis .   a - +3 hand axe
rCold    . . .     Faith    .   (no shield)
rNeg     . . .     Spirit   .   p - +0 chain mail
rPois    .         Reflect  .   (no helmet)
rElec    .         Harm     .   (no cloak)
rCorr    .                      t - +0 pair of gloves
MR       +....                  (no boots)
Stlth    ..........             (no amulet)
HPRegen  0.24/turn              q - +4 ring of protection
MPRegen  0.16/turn              (no ring)

@: no status effects
A: distributed training, fangs 1, rugged brown scales 1, clever 1, magic
resistance 1, strong nose
a: Depart the Abyss, Bend Space, Banish, Corrupt, Renounce Religion


You were on level 9 of the Dungeon.
You worshipped Lugonu.
Lugonu was greatly pleased with you.
You visited 1 branch of the dungeon, and saw 9 of its levels.
You visited the Abyss 1 time.

You collected 318 gold pieces.

Inventory:

Hand Weapons
 a - a +3 hand axe (weapon)
 f - a +3 hand axe
 o - a +2 flail of holy wrath
Missiles
 k - 10 boomerangs (quivered)
Armour
 p - a +0 chain mail (worn)
 t - a +0 pair of gloves (worn)
Jewellery
 q - a +4 ring of protection (left hand)
 u - a +4 ring of evasion {unknown}
Wands
 g - a wand of digging (8)
 h - a wand of acid (2)
Scrolls
 c - 3 scrolls of magic mapping
 d - 7 scrolls of identify
 e - a scroll of blinking
 i - 3 scrolls of remove curse
Potions
 b - a potion of stabbing
 j - 2 potions of flight
 l - 2 potions of mutation
 m - 3 potions of haste
 n - a potion of curing
 r - a potion of heal wounds {unknown}
 s - 2 potions of brilliance {unknown}
 v - a potion of ambrosia {unknown}


   Skills:
 + Level 8.5 Fighting
 + Level 5.3 Short Blades
 + Level 5.3 Long Blades
 + Level 7.1 Axes
 + Level 5.3 Maces & Flails
 + Level 5.3 Polearms
 + Level 5.3 Staves
 + Level 5.3 Slings
 + Level 5.3 Bows
 + Level 5.3 Crossbows
 + Level 5.3 Throwing
 + Level 7.1 Armour
 + Level 6.0 Dodging
 + Level 5.3 Stealth
 + Level 5.3 Shields
 + Level 5.3 Unarmed Combat
 + Level 5.3 Spellcasting
 + Level 4.4 Conjurations
 + Level 4.4 Hexes
 + Level 4.4 Summonings
 + Level 4.4 Necromancy
 + Level 4.4 Translocations
 + Level 4.4 Transmutations
 + Level 4.4 Fire Magic
 + Level 4.4 Ice Magic
 + Level 4.4 Air Magic
 + Level 4.4 Earth Magic
 + Level 4.4 Poison Magic
 + Level 7.5 Invocations
 + Level 5.3 Evocations


You had 19 spell levels left.
You didn't know any spells.
Your spell library was empty.

Dungeon Overview and Level Annotations

Branches:
Dungeon (9/15)             Temple (0/1) D:6            Lair (0/6) D:8
    Orc: D:9-12

Altars:
Fedhas
Gozag
Hepliaklqana
Kikubaaqudgha
Makhleb
Sif Muna
Uskayaw
Wu Jian

Shops:
D:5 (


Innate Abilities, Weirdness & Mutations

Your experience applies equally to all skills.
You have very sharp teeth.
Your uncanny sense of smell can sniff out nearby items.
You are partially covered in rugged brown scales. (AC +1, +3% HP)
Your mind is acute. (Int +2)
You are resistant to hostile enchantments. (MR+)


Message History

The yak gores you but does no damage.
Unknown command.
You hit the yak.
The yak is severely wounded.
You hit the yak but do no damage. You hit the yak. The yak gores you!
* * * LOW HITPOINT WARNING * * *
The yak gores you!
* * * LOW HITPOINT WARNING * * *
The yak gores you!
* * * LOW HITPOINT WARNING * * *
You hit the yak but do no damage.
The yak is severely wounded.
You hit the yak. You hit the yak but do no damage. The yak gores you.
* * * LOW HITPOINT WARNING * * *
The yak gores you.
* * * LOW HITPOINT WARNING * * *
The yak gores you.
* * * LOW HITPOINT WARNING * * *
The yak gores you!
You die...

##### #...# ...... #...#
..... #... #...# .... #....
#...# ... #.... #...# ..
#....####.#'###'######
#.........#.@Y#Y......
#.........#.Y.YY......
#.........#...#K......
######..#.########.)########
#.......#).#.....# .#......#
#.......#..'.....# #......#
#.......#..#.....# #......#
#.......#..#.....# #......#
#....##########'#####..##'###


You could see 4 yaks and a kobold.

Vanquished Creatures
  2 dancing weapons (D:3)
  A troll (D:9)
  2 yaks
  3 porcupines (D:8)
  A hornet zombie (D:6)
  An orc warrior (D:8)
  An ice beast (D:5)
  A necrophage (D:9)
  2 centaurs
  3 ogres
  A crocodile (D:8)
  7 bullfrogs
  A wyvern zombie (D:8)
  2 scorpions
  4 wights (D:9)
  4 howler monkeys
  A crimson imp (D:2)
  A bullfrog zombie (D:7)
  A quasit (D:5)
  2 hounds
  3 jellies
  4 orc priests
  A bullfrog skeleton (D:5)
  4 orc wizards
  2 iguanas (D:4)
  7 worker ants
  A hound skeleton (D:5)
  A worker ant zombie (D:5)
  6 gnolls
  12 adders
  2 shadow imps
  An ufetubus (D:7)
  An ooze (D:5)
  An adder zombie (D:9)
  2 adder skeletons
  The ghost of Isi the Sneak, a weakling HuDe (D:5)
  9 leopard geckos
  20 orcs
  4 giant cockroaches
  4 goblins
  8 hobgoblins
  4 jackals (D:2)
  11 kobolds
  2 quokkas
  4 ball pythons
  6 bats
  2 frilled lizards
  2 rats (D:1)
166 creatures vanquished.

Vanquished Creatures (others)
  38 fungi (D:8)
  34 plants (D:8)
72 creatures vanquished.

Grand Total: 238 creatures vanquished

Notes
Turn   | Place    | Note
-------+----------+-------------------------------------------
     0 | Abyss:1  | Gargoyl the Gnoll Abyssal Knight began the quest for the
                  | Orb.
     0 | Abyss:1  | Reached XP level 1. HP: 23/23 MP: 3/3
    30 | Abyss:1  | Noticed an emperor scorpion
    46 | Abyss:1  | Noticed a quasit
    72 | Abyss:1  | Noticed a crimson imp
    77 | Abyss:1  | Noticed a rakshasa
    89 | Abyss:1  | Noticed a neqoxec
    89 | Abyss:1  | Gained mutation: You are weak. (Str -2) [a neqoxec]
   128 | Abyss:1  | Noticed a small abomination
   135 | Abyss:1  | Noticed a thrashing horror
   141 | Abyss:1  | Lost mutation: You are weak. (Str -2) [potion of mutation]
   141 | Abyss:1  | Gained mutation: You are resistant to hostile enchantments.
                  | (MR+) [potion of mutation]
   141 | Abyss:1  | Gained mutation: You are partially covered in rugged brown
                  | scales. (AC +1, +3% HP) [potion of mutation]
   141 | Abyss:1  | Gained mutation: Your mind is acute. (Int +2) [potion of
                  | mutation]
   149 | Abyss:1  | Noticed an efreet
   154 | D:1      | Escaped the Abyss
   738 | D:1      | Reached XP level 2. HP: 29/29 MP: 5/5
   833 | D:1      | Reached * piety under Lugonu
  1075 | D:2      | Found a burning altar of Makhleb.
  1079 | D:2      | Reached XP level 3. HP: 31/36 MP: 6/6
  1325 | D:2      | Found a burning altar of Makhleb.
  1383 | D:2      | Reached skill level 1 in Short Blades
  1383 | D:2      | Reached skill level 1 in Long Blades
  1383 | D:2      | Reached skill level 1 in Maces & Flails
  1383 | D:2      | Reached skill level 1 in Polearms
  1383 | D:2      | Reached skill level 1 in Staves
  1383 | D:2      | Reached skill level 1 in Slings
  1383 | D:2      | Reached skill level 1 in Bows
  1383 | D:2      | Reached skill level 1 in Crossbows
  1383 | D:2      | Reached skill level 1 in Throwing
  1383 | D:2      | Reached skill level 1 in Stealth
  1383 | D:2      | Reached skill level 1 in Shields
  1383 | D:2      | Reached skill level 1 in Unarmed Combat
  1383 | D:2      | Reached skill level 1 in Spellcasting
  1383 | D:2      | Reached skill level 1 in Evocations
  1383 | D:2      | Reached XP level 4. HP: 37/42 MP: 7/7
  1593 | D:2      | Reached skill level 1 in Conjurations
  1593 | D:2      | Reached skill level 1 in Hexes
  1593 | D:2      | Reached skill level 1 in Summonings
  1593 | D:2      | Reached skill level 1 in Necromancy
  1593 | D:2      | Reached skill level 1 in Translocations
  1593 | D:2      | Reached skill level 1 in Transmutations
  1593 | D:2      | Reached skill level 1 in Fire Magic
  1593 | D:2      | Reached skill level 1 in Ice Magic
  1593 | D:2      | Reached skill level 1 in Air Magic
  1593 | D:2      | Reached skill level 1 in Earth Magic
  1593 | D:2      | Reached skill level 1 in Poison Magic
  1754 | D:2      | Found an ornate altar of the Wu Jian Council.
  2177 | D:3      | Reached XP level 5. HP: 48/48 MP: 8/8
  2200 | D:3      | Noticed a +0 hand axe
  2200 | D:3      | Noticed a +3 hand axe
  2205 | D:3      | Found a hide-covered altar of Uskayaw.
  2270 | D:3      | Reached ** piety under Lugonu
  2876 | D:3      | Reached skill level 5 in Invocations
  2876 | D:3      | Reached XP level 6. HP: 39/54 MP: 9/9
  3175 | D:3      | Found a faded altar of an unknown god.
  3395 | D:3      | Killed a +3 hand axe
  3395 | D:3      | Reached skill level 7 in Fighting
  3395 | D:3      | Reached skill level 5 in Axes
  3395 | D:3      | Reached skill level 5 in Armour
  3395 | D:3      | Reached XP level 7. HP: 25/61 MP: 9/11
  3395 | D:3      | Reached XP level 8. HP: 28/69 MP: 9/12
  3419 | D:3      | Killed a +0 hand axe
  4193 | D:4      | Reached XP level 9. HP: 74/74 MP: 14/14
  4272 | D:4      | You fall into a shaft and drop 1 floor!
  4272 | D:5      | Entered Level 5 of the Dungeon
  4440 | D:5      | Found an opulent altar of Gozag.
  4496 | D:5      | Found a large runed translucent door.
  4497 | D:5      | Found a large runed translucent door.
  4500 | D:5      | Noticed Isi's ghost (weakling HuDe)
  4578 | D:5      | Found Limaz's Weapon Shoppe.
  4774 | D:5      | Found an ancient bone altar of Kikubaaqudgha.
  4975 | D:5      | Found a hazy altar of Hepliaklqana.
  5196 | D:5      | Killed Isi's ghost
  5452 | D:5      | Reached *** piety under Lugonu
  5452 | D:5      | Reached skill level 5 in Dodging
  6260 | D:6      | Reached skill level 8 in Fighting
  6566 | D:6      | Found a staircase to the Ecumenical Temple.
  6613 | D:6      | Found a shimmering blue altar of Sif Muna.
  7885 | D:8      | Found a hide-covered altar of Uskayaw.
  8275 | D:8      | Reached XP level 10. HP: 72/82 MP: 17/17
  8515 | D:8      | Reached skill level 5 in Short Blades
  8515 | D:8      | Reached skill level 5 in Long Blades
  8515 | D:8      | Reached skill level 5 in Maces & Flails
  8515 | D:8      | Reached skill level 5 in Polearms
  8515 | D:8      | Reached skill level 5 in Staves
  8515 | D:8      | Reached skill level 5 in Slings
  8515 | D:8      | Reached skill level 5 in Bows
  8515 | D:8      | Reached skill level 5 in Crossbows
  8515 | D:8      | Reached skill level 5 in Throwing
  8515 | D:8      | Reached skill level 5 in Stealth
  8515 | D:8      | Reached skill level 5 in Shields
  8515 | D:8      | Reached skill level 5 in Unarmed Combat
  8515 | D:8      | Reached skill level 5 in Spellcasting
  8515 | D:8      | Reached skill level 5 in Evocations
  8986 | D:8      | Found a blossoming altar of Fedhas.
  9082 | D:8      | Found a staircase to the Lair.
  9119 | D:8      | Found an opulent altar of Gozag.
  9415 | D:9      | Reached **** piety under Lugonu
  9717 | D:9      | Got a blackened trident
  9725 | D:9      | Identified the cursed +1 trident "Joxt" {holy, *Noise rPois
                  | rC+ Stlth+} (You found it on level 9 of the Dungeon)
  9819 | D:9      | HP: 4/84 [yak (1)]
  9820 | D:9      | Mangled by a yak

Illustrated notes

Levels and vault maps discovered:
D:1:      dpeg_arrival_long_road, layout_basic
D:2:      layout_loops_ring, nicolae_overflow_crystal_walls,
          makhleb_grotto_becter, bloody_makhleb
D:3:      layout_rooms, dancing_weapons_uskayaw,
          chequers_ecumenical_altar_simple
D:4:      layout_loops_corners, serial_shops, shop
D:5:      layout_loops_ring, kiku_gazebo_pond_becter, grunt_gozag_statues,
          lemuel_coloured_pillars_altar, serial_shops, shop_statue,
          ebering_ghost_disaster_area
D:6:      layout_rooms, led_sif_pool, minmay_temple_entry_glassed_door,
          hangedman_decor_slide_cut
D:7:      layout_layer_cave
D:8:      layout_rooms, fedhas_altar_4, due_lair_maze_entry_diamond,
          hangedman_feature_mirror, hangedman_abyss_or_decor_lesser_grid,
          corexii_leaking_fountain
D:9:      layout_grid_maze

Skill      XL: |  1  2  3  4  5  6  7  8  9 10 |
---------------+-------------------------------+-----
Short Blades   | 1 2 3 4 5 |  5.3
Long Blades    | 1 2 3 4 5 |  5.3
Maces & Flails | 1 2 3 4 5 |  5.3
Polearms       | 1 2 3 4 5 |  5.3
Staves         | 1 2 3 4 5 |  5.3
Slings         | 1 2 3 4 5 |  5.3
Bows           | 1 2 3 4 5 |  5.3
Crossbows      | 1 2 3 4 5 |  5.3
Throwing       | 1 2 3 4 5 |  5.3
Stealth        | 1 2 3 4 5 |  5.3
Shields        | 1 2 3 4 5 |  5.3
Unarmed Combat | 1 2 3 4 5 |  5.3
Spellcasting   | 1 2 3 4 5 |  5.3
Evocations     | 1 2 3 4 5 |  5.3
Conjurations   | 1 2 3 4 |  4.4
Hexes          | 1 2 3 4 |  4.4
Summonings     | 1 2 3 4 |  4.4
Necromancy     | 1 2 3 4 |  4.4
Translocations | 1 2 3 4 |  4.4
Transmutations | 1 2 3 4 |  4.4
Fire Magic     | 1 2 3 4 |  4.4
Ice Magic      | 1 2 3 4 |  4.4
Air Magic      | 1 2 3 4 |  4.4
Earth Magic    | 1 2 3 4 |  4.4
Poison Magic   | 1 2 3 4 |  4.4
Dodging        | 3 4 5 6 |  6.0
Invocations    | 5 6 7 |  7.5
Fighting       | 7 8 |  8.5
Axes           | 5 6 7 |  7.1
Armour         | 5 6 7 |  7.1

Action                   |  1- 3 |  4- 6 |  7- 9 | 10-12 || total
-------------------------+-------+-------+-------+-------++-------
Melee: Hand axe          |    93 |   159 |   279 |   100 ||   631
       Bite              |     5 |    11 |    40 |    25 ||    81
       Unarmed           |       |     2 |       |       ||     2
       Flail             |       |       |     8 |    40 ||    48
       Punch             |       |       |     4 |     5 ||     9
Throw: Boomerang         |       |       |     4 |    11 ||    15
Invok: Depart the Abyss  |     1 |       |       |       ||     1
Evoke: Wand              |       |     1 |     2 |       ||     3
  Use: Potion            |     2 |     6 |       |       ||     8
       Scroll            |     3 |     5 |     7 |     2 ||    17
 Stab: Sleeping          |       |     7 |    10 |       ||    17
       Invisible         |       |       |     1 |       ||     1
Armor: Skin              |     5 |    37 |     8 |       ||    50
       Ring mail         |    36 |    64 |    60 |       ||   160
       Leather armour    |     2 |       |       |       ||     2
       Chain mail        |       |       |    79 |    86 ||   165
Dodge: Dodged            |    58 |   115 |   193 |    84 ||   450

Table legend: (Time is in decaauts)
 A = Elapsed time spent in this place.
 B = Non-inter-level travel time spent in this place.
 C = Inter-level travel time spent in this place.
 D = Time resting spent in this place.
 E = Time spent auto-exploring this place.
 F = Levels seen in this place.
 G = Mean time per level.
                   A        B        C        D        E       F      G
               +--------+--------+--------+--------+--------+-----+--------+
         Total |   9834 |   9654 |    180 |   3421 |   4379 |  10 |  983.4 |
       Dungeon |   9679 |   9499 |    180 |   3421 |   4312 |   9 | 1075.4 |
         Abyss |    154 |    154 |      0 |      0 |     67 |   1 |  154.0 |
               +--------+--------+--------+--------+--------+-----+--------+

Top non-repeatable levels by time:
     D:5: 1816 daAuts
     D:2: 1471 daAuts
     D:8: 1379 daAuts
     D:7: 1236 daAuts
     D:3: 1171 daAuts
     D:1: 871 daAuts
     D:4: 619 daAuts
     D:6: 562 daAuts
     D:9: 550 daAuts
 Abyss:1: 154 daAuts
